Match 45371993
Unlisted

Match 45371993
End
Selects Terror Battlegroup
Selects Machine Gun Camouflage
Construct Infanterie Kompanie
Kettenkrad Recon Vehicle
MG 42 Machine Gun Team
Grenadier Squad
Grenadier Squad
Construct Panzergrenadier Kompanie
251 Medium Carrier
Panzergrenadier Squad
Panzergrenadier Squad
Selects Defend the Fatherland
Panzergrenadier Officer Quarters
Infanterie Officer Quarters
251 Medium Carrier
Pak 40 Anti-tank Gun Team
Construct Panzer Kompanie
Wolfenstein
Eon
Novostar
noprisonersnick
樱岛麻衣
fafuna
Sayamander 🐉
tridentspear
0
0

Comments sign in to comment!

No comments posted yet!